 Dungeon Crawl Stone Soup version 0.23-a0-480-g1869896 (webtiles) character file.

168 nikopol the Magician (level 5, -7/28 HPs)
             Began as a Deep Elf Fire Elementalist on Nov 28, 2018.
             Killed from afar by Grinder (9 damage)
             ... with a wand of flame (20)
             ... on level 3 of the Dungeon.
             The game lasted 00:06:26 (2109 turns).

nikopol the Magician (Deep Elf Fire Elementalist)   Turns: 2109, Time: 00:06:27

Health: -7/28      AC:  2    Str:  5    XL:     5   Next: 23%
Magic:  5/14       EV: 13    Int: 21    God:
Gold:   110        SH:  0    Dex: 15    Spells: 4/14 levels left

rFire    . . .     SeeInvis .   k - +0 dagger
rCold    . . .     Gourm    .   (no shield)
rNeg     . . .     Faith    .   a - +0 robe
rPois    +         Spirit   .   (no helmet)
rElec    .         Reflect  .   (no cloak)
rCorr    .         Harm     .   (no gloves)
MR       .....                  (no boots)
Stlth    ++........             (no amulet)
HPRegen  0.09/turn              (no ring)
MPRegen  0.14/turn              d - ring of poison resistance

@: no status effects
A: no striking features
a: no special abilities


You were on level 3 of the Dungeon.
You were not hungry.

You visited 1 branch of the dungeon, and saw 3 of its levels.

You collected 110 gold pieces.

Inventory:

Hand Weapons
 k - a +0 dagger (weapon)
Armour
 a - a +0 robe (worn)
Jewellery
 d - a ring of poison resistance (right hand)
Scrolls
 g - a scroll of remove curse
 h - a scroll of identify
 i - a scroll of enchant weapon {unknown}
Potions
 b - a potion of flight
 e - a potion of magic {unknown}
 f - a potion of cancellation {unknown}
 j - 2 potions of mutation {unknown}
Comestibles
 c - 5 rations


   Skills:
 + Level 0.1 Fighting
 + Level 2.8 Dodging
 + Level 3.1 Stealth
 + Level 5.3 Spellcasting
 + Level 2.7 Conjurations
 + Level 4.2 Fire Magic


You had 4 spell levels left.
You knew the following spells:

 Your Spells              Type           Power        Failure   Level  Hunger
a - Flame Tongue          Conj/Fire      ###..        2%          1    None
b - Throw Flame           Conj/Fire      ###...       3%          2    None
c - Conjure Flame         Conj/Fire      ###.....     8%          3    ##.....
d - Sticky Flame          Conj/Fire      ###.....     26%         4    ####...

Your spell library contained the following spells:

 Spells                   Type           Power        Failure   Level  Hunger
 Inner Flame              Hex/Fire       ##......     13%         3    ##.....
 Fireball                 Conj/Fire      ###.......   56%         5    #####..


Dungeon Overview and Level Annotations

Branches:
Dungeon (3/15)

Altars:
Cheibriados
Ru

Annotations:
D:3 Grinder


Message History

Aim: Grinder, carrying a wand of flame (21) (severely wounded)
The flame tongue misses Grinder.
Casting: Flame Tongue (safe; 2% risk of failure)
Confirm with . or Enter, or press ? or * to list all spells.
Aiming: Flame Tongue (safe; 2% risk of failure)
Press: ? - help, Shift-Dir - straight line, f/p - Grinder
Aim: Grinder, carrying a wand of flame (21) (severely wounded)
The flame tongue misses Grinder.
Casting: Flame Tongue (safe; 2% risk of failure)
Confirm with . or Enter, or press ? or * to list all spells.
Aiming: Flame Tongue (safe; 2% risk of failure)
Press: ? - help, Shift-Dir - straight line, f/p - Grinder
Aim: Grinder, carrying a wand of flame (21) (severely wounded)
The flame tongue hits Grinder.
Grinder is severely wounded.
Grinder says, "Wait up."
Grinder zaps a wand.
The puff of flame hits you!
* * * LOW HITPOINT WARNING * * *
Grinder zaps a wand.
The puff of flame hits you!
You die...

############
#...5ยง@....#
#(########.#
#.# #[# #5#
#.# #.# #.#
..#


You could see Grinder.

Vanquished Creatures
  A scorpion (D:2)
  Terence (D:3)
  4 adders
  2 dart slugs
  2 leopard geckos (D:2)
  A ball python (D:1)
  6 bats
  2 giant cockroaches (D:1)
  6 hobgoblins
  3 jackals (D:2)
  4 kobolds
  A frilled lizard (D:1)
  9 goblins
  8 rats
50 creatures vanquished.

Vanquished Creatures (others)
  5 toadstools (D:1)
5 creatures vanquished.

Grand Total: 55 creatures vanquished

Notes
Turn   | Place    | Note
-------+----------+-------------------------------------------
     0 | D:1      | nikopol the Deep Elf Fire Elementalist began the quest for
                  | the Orb.
     0 | D:1      | Reached XP level 1. HP: 10/10 MP: 6/6
    89 | D:1      | Reached XP level 2. HP: 15/15 MP: 4/8
   438 | D:1      | Reached XP level 3. HP: 17/19 MP: 7/10
   677 | D:2      | Found a sacrificial altar of Ru.
   742 | D:2      | Noticed a scorpion
   760 | D:1      | Reached skill level 4 in Spellcasting
   763 | D:1      | Reached XP level 4. HP: 9/24 MP: 3/12
   770 | D:1      | Learned a level 2 spell: Throw Flame
   774 | D:1      | Learned a level 3 spell: Conjure Flame
   779 | D:1      | Learned a level 4 spell: Sticky Flame
  1220 | D:2      | Found a snail-covered altar of Cheibriados.
  1306 | D:2      | Found a faded altar of an unknown god.
  1472 | D:2      | Reached skill level 5 in Spellcasting
  1472 | D:2      | Reached XP level 5. HP: 22/28 MP: 8/14
  1559 | D:3      | Noticed Terence
  1591 | D:3      | Noticed Grinder
  1595 | D:3      | Killed Terence
  1686 | D:3      | Paralysed by Grinder for 3 turns
  1793 | D:3      | Paralysed by Grinder for 3 turns
  1806 | D:3      | HP: 1/28 [Grinder/wand of flame (23) (11)]
  2108 | D:3      | HP: 1/28 [Grinder/wand of flame (21) (10)]
  2109 | D:3      | Killed from afar by Grinder

Vault maps used:
D:1:      ldierk_walled_garden, minmay_cupped
D:2:      nicolae_ru_sacrificial_ziggurat, first_ration,
          chequers_ecumenical_altar_lobes, kennysheep_slug_shrine
D:3:      lemuel_coloured_pillars_altar,
          nicolae_dithmenos_through_a_glass_darkly, uniq_ijyb, uniq_grinder,
          uniq_terence

Skill      XL: |  1  2  3  4 |
---------------+-------------+-----
Stealth        | 3 |  3.1
Conjurations   | 2 |  2.7
Spellcasting   | 4 5 |  5.3
Fire Magic     | 4 |  4.2
Fighting       | |  0.1
Dodging        | |  2.8

Action                   |  1- 3 |  4- 6 || total
-------------------------+-------+-------++-------
 Cast: Flame Tongue      |    57 |    45 ||   102
       Conjure Flame     |       |     3 ||     3
       Throw Flame       |       |     1 ||     1
  Use: Scroll            |       |     2 ||     2
  Eat: Chunk             |       |     2 ||     2
       Ration            |       |     1 ||     1
Armor: Robe              |     3 |       ||     3
Dodge: Dodged            |    26 |     4 ||    30

Table legend:
 A = Non-vault XP
 B = Vault XP
 C = Vault XP percentage of total XP
 D = Non-vault monster count
 E = Vault monster count
 F = Vault count percentage of total count
                 A         B        C        D         E       F
            +---------+---------+-------+---------+---------+-------
      Total |     193 |      47 |  19.6 |      44 |       6 |  12.0
            +---------+---------+-------+---------+---------+-------
        D:1 |      68 |       5 |   6.8 |      25 |       4 |  13.8
        D:2 |     125 |       4 |   3.1 |      19 |       1 |   5.0
        D:3 |       0 |      38 | 100.0 |       0 |       1 | 100.0
            +---------+---------+-------+---------+---------+-------
